 Dungeon Crawl Stone Soup version 0.31-a0-1074-g0b22e4e0f1 (webtiles) character file.

Game seed: 13563769890885675012

75 horus123 the Magician (level 3, -8/26 HPs)
             Began as a Demigod Earth Elementalist on Nov 30, 2023.
             Mangled by Duvessa
             ... wielding a +0 short sword
              (10 damage)
             ... on level 4 of the Dungeon.
             The game lasted 00:04:18 (3584 turns).

horus123 the Magician (Demigod Earth Elementalist)  Turns: 3584, Time: 00:04:19

Health: -8/26      AC:  2    Str:  9    XL:     3   Next: 88%
Magic:  6/11       EV: 12    Int: 21    God:
Gold:   164        SH:  0    Dex: 14    Spells: 5/9 levels left

rFire   + . .        n - +0 long sword
rCold   . . .        (no shield)
rNeg    . . .        a - +0 robe
rPois   .            (no helmet)
rElec   .            (no cloak)
rCorr   .            (no gloves)
SInv    .            (no boots)
Will    .....        (no amulet)
Stlth   ++           e - ring of protection from fire
HPRegen 0.24/turn    (no ring)
MPRegen 0.12/turn

%: no passive effects
@: no status effects
A: high MP 1, forlorn, divine attributes
a: no special abilities


You were on level 4 of the Dungeon.
You visited 1 branch of the dungeon, and saw 4 of its levels.

You collected 164 gold pieces.

Inventory:

Hand Weapons
 n - a +0 long sword (weapon)
Armour
 a - a +0 robe (worn)
Magical Staves
 l - a staff of cold
Jewellery
 e - a ring of protection from fire (left hand)
 p - a +6 ring of intelligence
Scrolls
 c - 2 scrolls of teleportation
 i - a scroll of vulnerability
 m - 2 scrolls of silence
 o - 2 scrolls of noise
 s - 2 scrolls of enchant weapon {unknown}
Potions
 b - a potion of magic
 d - 2 potions of might {unknown}
 f - 2 potions of berserk rage {unknown}
 g - a potion of lignification {unknown}
 h - a potion of haste {unknown}
 j - a potion of degeneration {unknown}
 k - a potion of heal wounds {unknown}
 q - a potion of enlightenment {unknown}
 r - 2 potions of curing {unknown}


   Skills:
 - Level 1.7 Dodging
 - Level 1.7 Stealth
 + Level 3.7 Spellcasting
 - Level 0.8 Transmutations
 - Level 2.6 Earth Magic


You had 5 spell levels left.
You knew the following spells:

 Your Spells              Type           Power      Damage    Failure   Level
a - Sandblast             Erth           30%        2d9       4%          1
b - Stone Arrow           Conj/Erth      18%        3d8       22%         3

Your spell library contained the following spells:

 Spells                   Type           Power      Damage    Failure   Level
 Passwall                 Tmut/Erth      9%         N/A       9%          2
 Ignite Poison            Fire/Tmut/Pois 5%         N/A       32%         3
 Petrify                  Tmut/Erth      11%        N/A       52%         4
 Brom's Barrelling Bould  Conj/Erth      9%         2d3       56%         4
 Sticky Flame             Conj/Fire      3%         2d3       77%         4
 Ignition                 Fire           1%         3d3       100%        8


Dungeon Overview and Level Annotations

Branches:
Dungeon (4/15)
 Temple: D:4-7

Annotations:
D:4 Dowan, Duvessa


Innate Abilities, Weirdness & Mutations

You have an increased reservoir of magic. (+10% MP)
You shall have no god before yourself.
Your divine heritage dramatically boosts your attributes as you level up.


Message History

a +0 war axe; a +0 leather armour
There is a stone staircase leading down here.
You climb downwards.
Found a leather armour.
Found an escape hatch in the floor.
There is a stone staircase leading up here.
There are monsters nearby!
Aiming: Sandblast (safe; 4% risk of failure)
Press: ? - help, Q - select action Shift-Dir - straight line, f - Duvessa
Aim: Duvessa, wielding a +0 short sword and wearing a +0 leather armour (asleep, 100% to hit)
The blast of sand hits Duvessa.
Duvessa is lightly wounded.
Aiming: Sandblast (safe; 4% risk of failure)
Press: ? - help, Q - select action Shift-Dir - straight line, f/p - Duvessa
Aim: Duvessa, wielding a +0 short sword and wearing a +0 leather armour (lightly wounded, 84% to hit)
The blast of sand hits Duvessa.
Duvessa is moderately wounded.
Aiming: Sandblast (safe; 4% risk of failure)
Press: ? - help, Q - select action Shift-Dir - straight line, f/p - Duvessa
Aim: Duvessa, wielding a +0 short sword and wearing a +0 leather armour (moderately wounded, 84% to hit)
The blast of sand hits Duvessa but does no damage.
Duvessa is moderately wounded.
Duvessa hits you with a +0 short sword!
Aiming: Sandblast (safe; 4% risk of failure)
Press: ? - help, Q - select action Shift-Dir - straight line, f/p - Duvessa
Aim: Duvessa, wielding a +0 short sword and wearing a +0 leather armour (moderately wounded, 84% to hit)
The blast of sand hits Duvessa.
Duvessa is moderately wounded.
Duvessa hits you with a +0 short sword.
Dowan zaps a wand.
The puff of flame hits you. You resist.
* * * LOW HITPOINT WARNING * * *
Dowan zaps a wand.
The puff of flame misses you. Duvessa misses you.
Aiming: Sandblast (safe; 4% risk of failure)
Press: ? - help, Q - select action Shift-Dir - straight line, f/p - Duvessa
Aim: Duvessa, wielding a +0 short sword and wearing a +0 leather armour (moderately wounded, 84% to hit)
The blast of sand hits Duvessa but does no damage.
Duvessa is moderately wounded.
Dowan hits you with a +0 dagger.
* * * LOW HITPOINT WARNING * * *
Duvessa hits you with a +0 short sword!
You die...

#.........>J
...........
...........
..........
##........#
#..........
#..........
#..@e......
#...e......
#..........
##........#
##......##
########


You could see Duvessa, Dowan and a jelly (asleep).

Vanquished Creatures
  2 adders
  A dart slug (D:2)
  4 worms (D:2)
  An orc (D:3)
  7 bats
  An endoplasm (D:2)
  A giant cockroach (D:2)
  3 goblins
  5 hobgoblins
  8 kobolds
  2 quokkas
  3 ball pythons (D:1)
  3 frilled lizards
  2 rats
43 creatures vanquished.

Notes
Turn   | Place    | Note
-------+----------+-------------------------------------------
     0 | D:1      | horus123 the Demigod Earth Elementalist began the quest for
                  | the Orb.
     0 | D:1      | Reached XP level 1. HP: 14/14 MP: 5/5
    46 | D:1      | Reached skill level 2 in Spellcasting
   644 | D:1      | Reached XP level 2. HP: 19/19 MP: 6/8
  1610 | D:2      | Reached skill level 3 in Spellcasting
  1667 | D:2      | Reached XP level 3. HP: 15/26 MP: 0/10
  1774 | D:2      | Learned a level 3 spell: Stone Arrow
  2731 | D:3      | Identified a scroll of acquirement
  2731 | D:3      | Acquired an Everburning Encyclopedia
  3579 | D:4      | Noticed Duvessa
  3579 | D:4      | Noticed Dowan
  3584 | D:4      | Mangled by Duvessa

Illustrated notes

Levels and vault maps discovered:
D:1:      roderic_chinese_lattice_arrival, layout_basic
D:2:      layout_basic, shapermc_ecumenical_altar_flowoftime,
          minmay_splitting_lines
D:3:      layout_basic, nicolae_overflow_hidden_temple,
          nicolae_overflow_ecumenical_swirl, minivault_24
D:4:      layout_rooms, mainiacjoe_overflow_catwalk_spiral, serial_shops,
          nicolae_shop_tiny_real_fake_doors, uniq_duvessa

Skill      XL: |  1  2 |
---------------+-------+-----
Spellcasting   | 2 3 |  3.7
Dodging        | |  1.7
Stealth        | |  1.7
Transmutations | |  0.8
Earth Magic    | |  2.6

Action                     || total
---------------------------++-------
  Melee: Unarmed           ||     6
   Cast: Sandblast         ||    87
    Use: Scroll            ||     6
 Armour: Robe              ||    24
  Dodge: Dodged            ||    27

Table legend: (Time is in decaauts)
 A = Elapsed time spent in this place.
 B = Non-inter-level travel time spent in this place.
 C = Inter-level travel time spent in this place.
 D = Time resting spent in this place.
 E = Time spent auto-exploring this place.
 F = Levels seen in this place.
 G = Mean time per level.
                   A        B        C        D        E       F      G
               +--------+--------+--------+--------+--------+-----+--------+
         Total |   3625 |   3498 |    127 |    196 |   2886 |   4 |  906.2 |
       Dungeon |   3625 |   3498 |    127 |    196 |   2886 |   4 |  906.2 |
               +--------+--------+--------+--------+--------+-----+--------+

Top non-repeatable levels by time:
     D:2: 1326 daAuts
     D:1: 1197 daAuts
     D:3: 1094 daAuts
     D:4: 6 daAuts
